 Dungeon Crawl Stone Soup version 0.30-b1-5-g8e6c1be481 (webtiles) character file.

Game seed: 15872730536304187221

348 Silvore the Covered (level 6, -3/53 HPs)
             Began as a Minotaur Fighter on May 4, 2023.
             Killed by divine providence
             ... invoked by an orc priest
              (11 damage)
             ... on level 3 of the Dungeon.
             The game lasted 00:03:30 (2946 turns).

Silvore the Covered (Minotaur Fighter)              Turns: 2946, Time: 00:03:30

Health: -3/53      AC: 12    Str: 23    XL:     6   Next: 33%
Magic:  5/5        EV:  6    Int:  5    God:
Gold:   174        SH:  4    Dex:  9    Spells: 5/5 levels left

rFire   . . .        a - +1 long sword
rCold   . . .        c - +0 buckler
rNeg    . . .        g - +0 plate armour
rPois   .            (helmet restricted)
rElec   .            (no cloak)
rCorr   +            (no gloves)
SInv    .            (no boots)
Will    .....        (no amulet) Stlth
                     j - ring of resist corrosion
HPRegen 0.28/turn    (no ring)
MPRegen 0.09/turn

%: no passive effects
@: no status effects
A: horns 2, retaliatory headbutt
a: no special abilities


You were on level 3 of the Dungeon.
You visited 1 branch of the dungeon, and saw 4 of its levels.

You collected 174 gold pieces.

Inventory:

Hand Weapons
 a - a +1 long sword (weapon)
Missiles
 i - 2 throwing nets (quivered)
Armour
 b - a +0 scale mail
 c - a +0 buckler (worn)
 g - a +0 plate armour (worn)
Jewellery
 j - a ring of resist corrosion (left hand)
Scrolls
 l - a scroll of amnesia
 m - a scroll of immolation {unknown}
 o - a scroll of fear {unknown}
Potions
 d - a potion of might
 e - a potion of heal wounds
 f - a potion of attraction {unknown}
 h - a potion of lignification {unknown}
 k - a potion of flight {unknown}
 n - 2 potions of experience {unknown}


   Skills:
 + Level 4.6 Fighting
 + Level 5.5 Long Blades
 + Level 5.5 Armour
 + Level 0.5 Dodging
 + Level 4.6 Shields


You had 5 spell levels left.
You didn't know any spells.
Your spell library contained the following spells:

 Spells                   Type           Power      Damage    Failure   Level
 Apportation              Tloc           0%         N/A       100%        1
 Necrotise                Necr           0%         1d4       100%        1
 Summon Small Mammal      Summ           0%         N/A       100%        1
 Mephitic Cloud           Conj/Pois/Air  0%         N/A       100%        3
 Ozocubu's Armour         Ice            0%         N/A       100%        3
 Metabolic Englaciation   Hex/Ice        0%         N/A       100%        5
 Simulacrum               Ice/Necr       0%         N/A       100%        6
 Starburst                Conj/Fire      0%         6d3       100%        6
 Orb of Destruction       Conj           0%         9d5       100%        7


Dungeon Overview and Level Annotations

Branches:
Dungeon (4/15)
 Temple: D:4-7

Altars:
Gozag

Shops:
D:1 (


Innate Abilities, Weirdness & Mutations

You have a pair of horns on your head.
You reflexively headbutt those who attack you in melee.


Message History

The orc priest calls down the wrath of Beogh upon you.
Beogh smites you! The orc hits you but does no damage.
You climb upwards.
There is a stone staircase leading down here.
You closely miss the orc priest.
The orc priest hits you but does no damage.
The orc hits you with a +0 whip. The orc barely misses you.
Unknown command.
You hit the orc priest.
The orc priest is moderately wounded.
The orc priest begins to cast a cantrip, but forgets the words!
The orc hits you but does no damage. You block the orc's attack.
The orc priest mumbles some strange prayers to Beogh against you.
Beogh smites you!
* * * LOW HITPOINT WARNING * * *
You feel much better.
The orc priest hits you but does no damage.
The orc hits you but does no damage. The orc hits you with a +0 mace.
You barely miss the orc priest.
The orc priest is lightly wounded.
The orc priest casts a cantrip, but nothing happens.
You block the orc's attack. The orc hits you with a +0 mace.
The orc priest looks satisfied for a moment.
You slash the orc priest!
The orc priest is severely wounded.
The orc priest hits you but does no damage.
The orc hits you but does no damage. The orc hits you with a +0 mace!
You closely miss the orc priest. Your headbutt misses the orc priest.
The orc priest is severely wounded.
The orc priest closely misses you. The orc hits you but does no damage.
The orc hits you with a +0 mace.
You hit the orc priest.
The orc priest is almost dead.
The orc priest mumbles some strange prayers to Beogh against you.
Beogh smites you!
* * * LOW HITPOINT WARNING * * *
The orc hits you but does no damage.
The orc priest calls down the wrath of Beogh upon you.
Beogh smites you!
You die...

.###.##......#.# #...####
.'...........#.# ###.......
.###.##......#.# ###....##### .#
#.##......#.# ###...#######. .#
#.#########.# #.....#....... .#
#.###.......### #.....#.###### .#
#...#.#######.# #.....#.#....#
######.#.# #o###...###.#.....
.#..#..#.## #@oo'....†..#....#
.#..#.....# #o###...#####.....
.##.#.#...# #.#........##..#..
.##.#.#...# #.#.............##
.##.#.#...# #.#...............
.##.#.#...# #.#...............
.##.#.#...######.#.#.............
###.#.#..........#.#....#######..
..#.#.#.<..####.##.#.#### #..


You could see 2 orc priests and 2 orcs.

Vanquished Creatures
  Grinder (D:3)
  Terence (D:3)
  6 adders
  2 worms (D:2)
  3 dart slugs
  An orc (D:3)
  7 ball pythons
  8 bats
  6 endoplasms
  A giant cockroach (D:1)
  7 goblins
  5 hobgoblins
  2 jackals (D:1)
  6 kobolds
  4 frilled lizards
  4 rats
64 creatures vanquished.

Vanquished Creatures (others)
  A demonic plant (D:1)
1 creature vanquished.

Grand Total: 65 creatures vanquished

Notes
Turn   | Place    | Note
-------+----------+-------------------------------------------
     0 | D:1      | Silvore the Minotaur Fighter began the quest for the Orb.
     0 | D:1      | Reached XP level 1. HP: 19/19 MP: 0/0
   121 | D:1      | Reached XP level 2. HP: 27/27 MP: 1/1
   293 | D:1      | Found a faded altar of an unknown god.
   523 | D:1      | Reached XP level 3. HP: 32/33 MP: 2/2
   723 | D:1      | Found Haxatig's Weapon Boutique.
  1090 | D:2      | Reached XP level 4. HP: 37/40 MP: 3/3
  1942 | D:3      | Got the Grimoire of Lethal Toxicity
  2316 | D:3      | Found an opulent altar of Gozag.
  2574 | D:3      | Noticed Grinder
  2574 | D:3      | Noticed Terence
  2582 | D:3      | Killed Terence
  2583 | D:3      | Reached XP level 5. HP: 39/47 MP: 4/4
  2583 | D:3      | Paralysed by Grinder for 5 turns
  2594 | D:3      | Killed Grinder
  2595 | D:3      | Reached skill level 5 in Long Blades
  2595 | D:3      | Reached skill level 5 in Armour
  2595 | D:3      | Reached XP level 6. HP: 29/53 MP: 5/5
  2946 | D:3      | Killed from afar by an orc priest

Illustrated notes

Levels and vault maps discovered:
D:1:      saegor_arrival_fortress, layout_basic, serial_shops,
          nicolae_shop_trees, shapermc_ecumenical_altar_gd
D:2:      layout_basic
D:3:      layout_basic, nicolae_gozag_seed_capital, serial_co_window_serial,
          co_window_corner_a, co_window_paths_a, co_window_paths_a,
          co_window_corner_a, co_window_paths_a, co_window_corner_a,
          co_window_of_opportunity_a, co_window_paths_b, co_window_corner_a,
          co_window_2corner, co_window_broadway_b, co_window_corner_ca,
          co_window_unsneaky_path_c, co_window_corner_ca, co_window_broadway_b,
          minmay_checkerbox, uniq_grinder, uniq_terence
D:4:      layout_rooms, minmay_rat_hole

Skill      XL: |  1  2  3  4  5 |
---------------+----------------+-----
Shields        | 4 |  4.6
Fighting       | 4 |  4.6
Armour         | 4 5 |  5.5
Long Blades    | 3 4 5 |  5.5
Dodging        | |  0.5

Action                     |  1- 3 |  4- 6 || total
---------------------------+-------+-------++-------
  Melee: Long sword        |    80 |    88 ||   168
         Headbutt          |     9 |    14 ||    23
    Use: Scroll            |     2 |     4 ||     6
         Potion            |       |     1 ||     1
 Armour: Scale mail        |    37 |     7 ||    44
         Plate armour      |       |    57 ||    57
  Dodge: Dodged            |    43 |    31 ||    74
  Block: Buckler           |    21 |    15 ||    36
